Condors vs Rocket
Created - May 22, 2021 at 19:10
Goals
|
| Condors |
3 |
1 |
1 |
5 |
| Rocket |
0 |
1 |
2 |
3 |
|
Shots
|
| Condors |
14 |
17 |
12 |
43 |
| Rocket |
7 |
6 |
18 |
31 |
|
1st period
1. Condors , Eric Gustafsson 1 (Tyler Bozak 8, Zac Leslie 4) at 2:50
2. Condors , Alex Tuch 4 (Tyler Bozak 9) at 6:21
3. Condors , Stephane Da Costa 4 (Nail Yakupov 8, Carl Gunnarsson 5) at 18:12
Penalties :
No Penalty
2nd period
4. Rocket , Ty Rattie 1 (Tom Wilson 4, Andrey Pedan 1) at 15:48
5. Condors , Nail Yakupov 4 (Anton Slepyshev 7, Stephane Da Costa 4) at 16:53
Penalties :
Daniel Zaar (Bak) for Hooking (Minor) at 17:49
3rd period
6. Rocket , Mattias Tedenby 3 (Tyler Pitlick 3, Viktor Loov 2) at 1:21
7. Rocket , Nick Ritchie 1 (Brian Dumoulin 3, Danton Heinen 2) at 2:20
8. Condors , Adam Erne 2 (Mark Jankowski 2) at 16:25
Penalties :
Zac Leslie (Bak) for Hooking (Minor) at 4:33, Mattias Tedenby (Lav) for Holding (Minor) at 4:50, Zac Leslie (Bak) for Tripping (Minor) at 12:10
Goalie Stats
Mark Visentin (Bak), 28 saves from 31 shots - (0.903), W, 3-1-0, 60:00 minutes
Jean-Francois Berube (Lav), 38 saves from 43 shots - (0.884), L, 4-1-0, 60:00 minutes
Players Stats for Condors
Player Name G A P +/- PIM S H SB GA TA FO MP PP MP PK MP
------------------------------------------------------------------------------------
Adam Erne 1 0 1 1 0 2 1 0 1 1 0/0 8:29 0:00 0:00
Alex Tuch 1 0 1 1 0 5 1 0 0 0 0/0 16:40 0:00 0:00
Anton Slepyshev 0 1 1 1 0 2 1 1 1 1 1/2 16:45 0:07 0:28
Brett Lernout 0 0 0 0 0 1 1 0 0 0 0/0 15:32 0:17 0:00
C.J Suess 0 0 0 1 0 0 3 0 0 0 0/0 8:19 0:00 0:00
Carl Gunnarsson 0 1 1 2 0 4 3 2 3 2 0/0 26:51 0:00 2:25
Chris Bigras 0 0 0 0 0 1 1 1 0 0 0/0 18:37 0:17 1:50
Christian Thomas 0 0 0 -1 0 1 1 0 1 0 1/1 13:50 0:00 1:13
Daniel Zaar 0 0 0 -1 2 1 1 0 1 1 0/0 12:32 0:10 0:00
Eric Gustafsson 1 0 1 1 0 2 1 3 0 0 0/0 23:21 0:00 2:25
Erik Cernak 0 0 0 1 0 0 0 0 0 0 0/0 3:55 0:00 0:23
Frederik Gauthier 0 0 0 -1 0 1 0 0 0 1 4/5 13:04 0:00 0:57
Gustav Olofsson 0 0 0 0 0 0 0 2 0 0 0/0 15:09 0:00 0:37
Kasperi Kapanen 0 0 0 1 0 6 3 1 0 0 0/1 16:40 0:00 0:00
Mark Jankowski 0 1 1 1 0 2 0 1 0 0 3/5 9:44 0:10 0:19
Nail Yakupov 1 1 2 1 0 6 1 0 0 0 1/2 17:30 0:07 0:57
Stephane Da Costa 1 1 2 1 0 4 1 2 1 0 24/33 19:52 0:07 2:19
Tyler Bozak 0 2 2 1 0 5 1 1 1 1 4/6 20:13 0:00 2:17
Zac Leslie 0 1 1 0 4 0 0 1 0 1 0/0 16:57 0:10 0:50
Players Stats for Rocket
Player Name G A P +/- PIM S H SB GA TA FO MP PP MP PK MP
------------------------------------------------------------------------------------
Adrian Kempe 0 0 0 -1 0 5 4 1 0 0 0/1 14:28 0:18 0:00
Alex Petrovic 0 0 0 -1 0 2 0 3 0 1 0/0 27:35 2:27 0:17
Andrei Mironov 0 0 0 0 0 0 2 0 0 1 0/0 12:32 0:00 0:00
Andrey Pedan 0 1 1 0 0 0 0 1 0 0 0/0 12:32 0:00 0:00
Anthony Nigro 0 0 0 0 0 2 1 0 1 0 0/7 8:48 0:00 0:00
Brian Dumoulin 0 1 1 -1 0 2 2 3 0 0 0/0 27:35 2:27 0:17
Corey Trivino 0 0 0 0 0 0 3 0 1 0 6/13 17:23 3:09 0:00
Danton Heinen 0 1 1 -1 0 5 1 0 0 0 0/0 12:05 0:00 0:00
Dean Kukan 0 0 0 -1 0 1 2 1 0 3 0/0 19:53 1:48 0:00
Jakub Vrana 0 0 0 0 0 0 0 0 0 1 1/1 8:48 0:00 0:00
Jonathan Matsumoto 0 0 0 0 0 0 3 0 0 1 7/24 18:53 0:47 0:00
Mattias Tedenby 1 0 1 0 2 2 3 0 3 0 1/2 20:50 2:50 0:00
Nick Ritchie 1 0 1 -1 0 2 2 1 1 0 0/0 14:09 1:06 0:07
Peter Holland 0 0 0 -2 0 1 1 0 0 0 1/3 14:25 0:19 0:17
Tom Wilson 0 1 1 -1 0 1 4 1 2 1 0/0 16:41 0:59 0:01
Ty Rattie 1 0 1 0 0 2 0 0 0 0 0/1 9:42 0:25 0:00
Tyler Pitlick 0 1 1 0 0 4 3 1 0 1 1/3 21:48 2:51 0:09
Viktor Loov 0 1 1 -1 0 2 1 1 0 0 0/0 19:53 1:48 0:00
3 Stars
1 - Stephane Da Costa (Bak)
2 - Nail Yakupov (Bak)
3 - Eric Gustafsson (Bak)
Power Play
Condors - 0 on 1 Attempt(s) - 0.00%
Rocket - 0 on 3 Attempt(s) - 0.00%
Penalty Kill
Condors - 3 on 3 Attempt(s) - 100.00%
- Score 0 goal in Penalty Kill
Rocket - 1 on 1 Attempt(s) - 100.00%
- Score 0 goal in Penalty Kill
Team Stat
Condors - Hits : 20 - Faceoff Wins : 38 - Blocked Shots : 15 - Penalty Minutes : 6
Rocket - Hits : 32 - Faceoff Wins : 17 - Blocked Shots : 13 - Penalty Minutes : 2
Official
Referees : Unknown
Linesman : Unknown
Game Notes
2:50 of 1st period - Condors goal is going for a video replay. After video review, Goal.
14:23 of 3rd period - Condors goal is going for a video replay. After video review, No Goal. The puck has been directed, batted or thrown into the net by an attacking player other than with a stick.
Finance
Level 1 -- Attendance: 2000 (100.00%) -- Ticket Income $40,000
Level 2 -- Attendance: 1000 (100.00%) -- Ticket Income $13,000
Total Attendance: 3000 (100.00%)
Total Ticket Income: $53,000
Other Income: $2,650
Total Income: $55,650
Condors
5 vs 5 Forward
Center Left Wing Right Wing Time % Phy DF OF
1 Stephane Da Costa Anton Slepyshev Nail Yakupov 40 1 2 2
2 Tyler Bozak Alex Tuch Kasperi Kapanen 30 1 2 2
3 Frederik Gauthier Christian Thomas Daniel Zaar 20 1 2 2
4 Mark Jankowski C.J Suess Adam Erne 10 1 2 2
5 vs 5 Defense
Defense Defense Time % Phy DF OF
1 Carl Gunnarsson Eric Gustafsson 40 1 2 2
2 Zac Leslie Chris Bigras 30 1 2 2
3 Brett Lernout Gustav Olofsson 20 1 2 2
4 Erik Cernak Carl Gunnarsson 10 1 2 2
PowerPlay Forward
Center Left Wing Right Wing Time % Phy DF OF
1 Stephane Da Costa Anton Slepyshev Nail Yakupov 60 1 2 2
2 Tyler Bozak Alex Tuch Kasperi Kapanen 40 1 2 2
PowerPlay Defense
Defense Defense Time % Phy DF OF
1 Carl Gunnarsson Eric Gustafsson 60 1 2 2
2 Zac Leslie Chris Bigras 40 1 2 2
Penalty Kill 4 Players Forward
Center Wing Time % Phy DF OF
1 Stephane Da Costa Tyler Bozak 60 1 2 2
2 Nail Yakupov Frederik Gauthier 40 1 2 2
Penalty Kill 4 Players Defense
Defense Defense Time % Phy DF OF
1 Carl Gunnarsson Eric Gustafsson 60 1 2 2
2 Zac Leslie Chris Bigras 40 1 2 2
Penalty Kill - 3 Players Forward
Forward Time % Phy DF OF
1 Stephane Da Costa 60 1 2 2
2 Tyler Bozak 40 1 2 2
Penalty Kill - 3 Players Defense
Defense Defense Time % Phy DF OF
1 Carl Gunnarsson Eric Gustafsson 60 1 2 2
2 Zac Leslie Chris Bigras 40 1 2 2
4 vs 4 Forward
Center Wing Time % Phy DF OF
1 Stephane Da Costa Tyler Bozak 60 1 2 2
2 Nail Yakupov Frederik Gauthier 40 1 2 2
4 vs 4 Defense
Defense Defense Time % Phy DF OF
1 Carl Gunnarsson Eric Gustafsson 60 1 2 2
2 Zac Leslie Chris Bigras 40 1 2 2
Last Minutes Offensive
Center Left Wing Right Wing Defense Defense
Stephane Da Costa Anton Slepyshev Nail Yakupov Carl Gunnarsson Eric Gustafsson
Last Minutes Defensive
Center Left Wing Right Wing Defense Defense
Stephane Da Costa Anton Slepyshev Nail Yakupov Carl Gunnarsson Eric Gustafsson
Goaltenders
Starting : Mark Visentin
Backup : Ilya Samsonov
Extra Forwards
Normal : Mark Jankowski, Daniel Zaar, Christian Thomas - PP : Mark Jankowski, Daniel Zaar - PK : Christian Thomas
Extra Defensemen
Normal : Brett Lernout, Gustav Olofsson, Erik Cernak - PP : Brett Lernout - PK : Gustav Olofsson, Erik Cernak
Penalty Shots
Stephane Da Costa, Tyler Bozak, Nail Yakupov, Frederik Gauthier, Mark Jankowski
Scratches
Louis Leblanc (Healthy), Emil Djuse (Healthy), Caleb Jones (Sprained Left Knee Injury), Nick Merkley (Healthy), Cole Cassels (Healthy)
Jordan Subban (Healthy), Jeremy Gregoire (Healthy), Connor Hurley (Healthy), Remi Elie (Healthy), Brett Ritchie (Healthy)
Anders Bjork (Healthy), Hunter Smith (Healthy), Jack Campbell (Healthy)
Rocket
5 vs 5 Forward
Center Left Wing Right Wing Time % Phy DF OF
1 Jonathan Matsumoto Tyler Pitlick Mattias Tedenby 40 0 2 3
2 Corey Trivino Adrian Kempe Tom Wilson 30 0 2 3
3 Peter Holland Nick Ritchie Danton Heinen 20 0 2 3
4 Anthony Nigro Jakub Vrana Ty Rattie 10 0 3 2
5 vs 5 Defense
Defense Defense Time % Phy DF OF
1 Brian Dumoulin Alex Petrovic 40 1 2 2
2 Viktor Loov Dean Kukan 30 1 2 2
3 Andrey Pedan Andrei Mironov 20 1 2 2
4 Brian Dumoulin Alex Petrovic 10 1 2 2
PowerPlay Forward
Center Left Wing Right Wing Time % Phy DF OF
1 Corey Trivino Tyler Pitlick Mattias Tedenby 60 0 1 4
2 Jonathan Matsumoto Nick Ritchie Tom Wilson 40 0 1 4
PowerPlay Defense
Defense Defense Time % Phy DF OF
1 Brian Dumoulin Alex Petrovic 60 0 2 3
2 Viktor Loov Dean Kukan 40 0 2 3
Penalty Kill 4 Players Forward
Center Wing Time % Phy DF OF
1 Mattias Tedenby Tom Wilson 60 1 2 2
2 Tyler Pitlick Corey Trivino 40 1 2 2
Penalty Kill 4 Players Defense
Defense Defense Time % Phy DF OF
1 Brian Dumoulin Alex Petrovic 60 1 2 2
2 Viktor Loov Dean Kukan 40 1 2 2
Penalty Kill - 3 Players Forward
Forward Time % Phy DF OF
1 Mattias Tedenby 60 1 2 2
2 Tom Wilson 40 1 2 2
Penalty Kill - 3 Players Defense
Defense Defense Time % Phy DF OF
1 Brian Dumoulin Alex Petrovic 60 1 2 2
2 Viktor Loov Dean Kukan 40 1 2 2
4 vs 4 Forward
Center Wing Time % Phy DF OF
1 Mattias Tedenby Tom Wilson 60 1 2 2
2 Tyler Pitlick Corey Trivino 40 1 2 2
4 vs 4 Defense
Defense Defense Time % Phy DF OF
1 Brian Dumoulin Alex Petrovic 60 1 2 2
2 Viktor Loov Dean Kukan 40 1 2 2
Last Minutes Offensive
Center Left Wing Right Wing Defense Defense
Corey Trivino Tyler Pitlick Mattias Tedenby Brian Dumoulin Alex Petrovic
Last Minutes Defensive
Center Left Wing Right Wing Defense Defense
Corey Trivino Tyler Pitlick Mattias Tedenby Brian Dumoulin Alex Petrovic
Goaltenders
Starting : Jean-Francois Berube
Backup : Joni Ortio
Extra Forwards
Normal : Mattias Tedenby, Tyler Pitlick, Corey Trivino - PP : Tyler Pitlick, Mattias Tedenby - PK : Mattias Tedenby
Extra Defensemen
Normal : Andrey Pedan, Andrei Mironov, Alex Petrovic - PP : Andrey Pedan - PK : Andrei Mironov, Brian Dumoulin
Penalty Shots
Mattias Tedenby, Tom Wilson, Tyler Pitlick, Corey Trivino, Jonathan Matsumoto
Scratches
Mason Appleton (Healthy), Guillaume Brisebois (Healthy), Tyler Lewington (Healthy), Jiri Sekac (Bruised Right Arm Injury), Daniel Sprong (Healthy)
Tobias Lindberg (Healthy), Scott Glennie (Healthy), Charles Hudon (Healthy), Sergey Tolchinsky (Healthy), Dominic Turgeon (Healthy)
Jack Glover (Healthy), Ryan MacInnis (Healthy)
% Time on Ice - Condors
Lines # - Real PCT - Wanted PCT - Time Play
Normal Forward
1 - 32% - 40% - 17:03
2 - 31% - 30% - 16:40
3 - 22% - 20% - 11:44
4 - 15% - 10% - 8:19
Normal Defense
1 - 36% - 40% - 19:36
2 - 30% - 30% - 16:08
3 - 27% - 20% - 14:32
4 - 7% - 10% - 3:30
PP Forward
1 - 100% - 60% - 0:17
2 - 0% - 40% - 0:00
PP Defense
1 - 0% - 60% - 0:00
2 - 100% - 40% - 0:17
PK Forward
1 - 78% - 60% - 3:18
2 - 22% - 40% - 0:57
PK Defense
1 - 57% - 60% - 2:25
2 - 43% - 40% - 1:50
PK3 Forward
1 - 0% - 60%
2 - 0% - 40%
PK3 Defense
1 - 0% - 60%
2 - 0% - 40%
44 Forward
1 - 77% - 60% - 1:19
2 - 23% - 40% - 0:23
44 Defense
1 - 78% - 60% - 1:20
2 - 22% - 40% - 0:22
Last Minute Offensive - 0:00
Last Minute Defensive - 0:00
Total
Forward - 60:00
Defense - 60:00
|
% Time on Ice - Rocket
Lines # - Real PCT - Wanted PCT - Time Play
Normal Forward
1 - 34% - 40% - 18:22
2 - 27% - 30% - 14:31
3 - 22% - 20% - 12:05
4 - 16% - 10% - 8:48
Normal Defense
1 - 39% - 40% - 20:53
2 - 32% - 30% - 17:27
3 - 23% - 20% - 12:32
4 - 5% - 10% - 2:54
PP Forward
1 - 77% - 60% - 3:16
2 - 23% - 40% - 0:59
PP Defense
1 - 58% - 60% - 2:27
2 - 42% - 40% - 1:48
PK Forward
1 - 100% - 60% - 0:17
2 - 0% - 40% - 0:00
PK Defense
1 - 100% - 60% - 0:17
2 - 0% - 40% - 0:00
PK3 Forward
1 - 0% - 60%
2 - 0% - 40%
PK3 Defense
1 - 0% - 60%
2 - 0% - 40%
44 Forward
1 - 100% - 60% - 1:42
2 - 0% - 40% - 0:00
44 Defense
1 - 63% - 60% - 1:04
2 - 37% - 40% - 0:38
Last Minute Offensive - 0:00
Last Minute Defensive - 0:00
Total
Forward - 60:00
Defense - 60:00
|
Play-by-Play
1st period
0:01 of 1st period - Stephane Da Costa wins face-off versus Jonathan Matsumoto in neutral zone.
0:35 of 1st period - Brian Dumoulin is hit by Tyler Bozak and loses puck.
1:11 of 1st period - Wrist shot by Ty Rattie.
1:11 of 1st period - Shot Blocked by Mark Jankowski.
1:13 of 1st period - Slapshot by Ty Rattie.
1:13 of 1st period - Shot Blocked by Gustav Olofsson.
1:15 of 1st period - Slapshot by Andrei Mironov.
1:15 of 1st period - Shot Misses the Net.
1:33 of 1st period - Brett Lernout is hit by Andrei Mironov and loses puck.
1:50 of 1st period - Snap shot by Tom Wilson.
1:50 of 1st period - Shot Misses the Net.
1:52 of 1st period - Wrist shot by Adrian Kempe.
1:52 of 1st period - Deflect By Corey Trivino.
1:52 of 1st period - Shot Blocked by Carl Gunnarsson.
1:52 of 1st period - Puck is out of play.
1:53 of 1st period - Christian Thomas wins face-off versus Corey Trivino in Condors zone.
2:43 of 1st period - Danton Heinen is hit by Kasperi Kapanen and loses puck.
2:48 of 1st period - Snap shot by Tyler Bozak.
2:48 of 1st period - Shot Blocked by Brian Dumoulin.
2:50 of 1st period - Snap shot by Eric Gustafsson.
2:50 of 1st period - Condors goal is going for a video replay.
2:50 of 1st period - The goal is good.
2:50 of 1st period - Goal by Eric Gustafsson - Condors : 1 - Rocket : 0.
2:51 of 1st period - Tyler Bozak wins face-off versus Jonathan Matsumoto in neutral zone.
2:57 of 1st period - Snap shot by Tyler Bozak.
2:57 of 1st period - Stopped by Jean-Francois Berube with a rebound.
3:41 of 1st period - Chris Bigras is hit by Tom Wilson and loses puck.
4:26 of 1st period - Snap shot by Tyler Bozak.
4:26 of 1st period - Stopped by Jean-Francois Berube with a rebound.
4:28 of 1st period - Slapshot by Brett Lernout.
4:28 of 1st period - Shot Misses the Net.
4:30 of 1st period - Wrist shot by Alex Tuch.
4:30 of 1st period - Shot Misses the Net.
4:34 of 1st period - Snap shot by Tyler Bozak.
4:34 of 1st period - Shot Blocked by Alex Petrovic.
5:22 of 1st period - Slapshot by Mark Jankowski.
5:22 of 1st period - Deflect By Adam Erne.
5:22 of 1st period - Shot Misses the Net.
5:22 of 1st period - Puck is out of play.
5:23 of 1st period - Corey Trivino wins face-off versus Mark Jankowski in Rocket zone.
6:02 of 1st period - Jonathan Matsumoto is hit by Stephane Da Costa and loses puck.
6:13 of 1st period - Tyler Bozak is hit by Nick Ritchie.
6:19 of 1st period - Slapshot by Tyler Bozak.
6:19 of 1st period - Shot Blocked by Nick Ritchie.
6:21 of 1st period - Snap shot by Alex Tuch.
6:21 of 1st period - Goal by Alex Tuch - Condors : 2 - Rocket : 0.
6:22 of 1st period - Stephane Da Costa wins face-off versus Jonathan Matsumoto in neutral zone.
6:25 of 1st period - Snap shot by Anton Slepyshev.
6:25 of 1st period - Shot Misses the Net.
6:39 of 1st period - Eric Gustafsson is hit by Mattias Tedenby and loses puck.
8:45 of 1st period - Off-side.
8:46 of 1st period - Stephane Da Costa wins face-off versus Anthony Nigro in neutral zone.
8:51 of 1st period - Slapshot by Nail Yakupov.
8:51 of 1st period - Stopped by Jean-Francois Berube without a rebound.
8:52 of 1st period - Stephane Da Costa wins face-off versus Anthony Nigro in Rocket zone.
8:57 of 1st period - Snap shot by Nail Yakupov.
8:57 of 1st period - Stopped by Jean-Francois Berube without a rebound.
8:58 of 1st period - Stephane Da Costa wins face-off versus Jonathan Matsumoto in Rocket zone.
9:05 of 1st period - Snap shot by Nail Yakupov.
9:05 of 1st period - Stopped by Jean-Francois Berube without a rebound.
9:06 of 1st period - Anton Slepyshev wins face-off versus Jonathan Matsumoto in Rocket zone.
9:07 of 1st period - Wrist shot by Stephane Da Costa.
9:07 of 1st period - Deflect By Brian Dumoulin.
9:07 of 1st period - Stopped by Jean-Francois Berube with a rebound.
9:09 of 1st period - Slapshot by Carl Gunnarsson.
9:09 of 1st period - Stopped by Jean-Francois Berube without a rebound.
9:10 of 1st period - Jonathan Matsumoto wins face-off versus Stephane Da Costa in Rocket zone.
9:41 of 1st period - Slapshot by Daniel Zaar.
9:41 of 1st period - Shot Blocked by Brian Dumoulin.
9:45 of 1st period - Wrist shot by Daniel Zaar.
9:45 of 1st period - Shot Blocked by Alex Petrovic.
9:47 of 1st period - Snap shot by Frederik Gauthier.
9:47 of 1st period - Stopped by Jean-Francois Berube with a rebound.
10:01 of 1st period - Wrist shot by Tom Wilson.
10:01 of 1st period - Deflect By Tyler Bozak.
10:01 of 1st period - Shot Misses the Net.
10:01 of 1st period - Puck is out of play.
10:02 of 1st period - Stephane Da Costa wins face-off versus Corey Trivino in Condors zone.
10:13 of 1st period - Wrist shot by Adrian Kempe.
10:13 of 1st period - Stopped by Mark Visentin without a rebound.
10:14 of 1st period - Corey Trivino wins face-off versus Tyler Bozak in Condors zone.
10:15 of 1st period - Snap shot by Adrian Kempe.
10:15 of 1st period - Stopped by Mark Visentin with a rebound.
10:17 of 1st period - Slapshot by Dean Kukan.
10:17 of 1st period - Shot Misses the Net.
10:19 of 1st period - Slapshot by Dean Kukan.
10:19 of 1st period - Shot Misses the Net.
10:21 of 1st period - Snap shot by Adrian Kempe.
10:21 of 1st period - Stopped by Mark Visentin without a rebound.
10:22 of 1st period - Corey Trivino wins face-off versus Kasperi Kapanen in Condors zone.
11:13 of 1st period - Wrist shot by Christian Thomas.
11:13 of 1st period - Stopped by Jean-Francois Berube without a rebound.
11:14 of 1st period - Peter Holland wins face-off versus Tyler Bozak in Rocket zone.
11:49 of 1st period - Slapshot by Alex Tuch.
11:49 of 1st period - Stopped by Jean-Francois Berube with a rebound.
12:55 of 1st period - Wrist shot by Tyler Bozak.
12:55 of 1st period - Stopped by Jean-Francois Berube with a rebound.
13:05 of 1st period - Brian Dumoulin is hit by Alex Tuch and loses puck.
13:57 of 1st period - Tyler Bozak is hit by Danton Heinen and loses puck.
14:12 of 1st period - Backhand shot by Peter Holland.
14:12 of 1st period - Shot Misses the Net.
14:14 of 1st period - Slapshot by Alex Petrovic.
14:14 of 1st period - Shot Misses the Net.
14:42 of 1st period - Wrist shot by Danton Heinen.
14:42 of 1st period - Stopped by Mark Visentin with a rebound.
15:18 of 1st period - Snap shot by Danton Heinen.
15:18 of 1st period - Stopped by Mark Visentin with a rebound.
15:20 of 1st period - Slapshot by Alex Petrovic.
15:20 of 1st period - Stopped by Mark Visentin with a rebound.
15:39 of 1st period - Slapshot by Danton Heinen.
15:39 of 1st period - Shot Misses the Net.
15:47 of 1st period - Wrist shot by Nick Ritchie.
15:47 of 1st period - Deflect By Danton Heinen.
15:47 of 1st period - Shot Misses the Net.
15:47 of 1st period - Puck is out of play.
15:48 of 1st period - Stephane Da Costa wins face-off versus Jonathan Matsumoto in Condors zone.
16:13 of 1st period - Eric Gustafsson is hit by Corey Trivino and loses puck.
16:23 of 1st period - Icing by Frederik Gauthier.
16:24 of 1st period - Frederik Gauthier wins face-off versus Corey Trivino in Condors zone.
17:22 of 1st period - Jakub Vrana is hit by C.J Suess and loses puck.
17:59 of 1st period - Carl Gunnarsson is hit by Corey Trivino and loses puck.
18:12 of 1st period - Wrist shot by Stephane Da Costa.
18:12 of 1st period - Goal by Stephane Da Costa - Condors : 3 - Rocket : 0.
18:13 of 1st period - Jonathan Matsumoto wins face-off versus Stephane Da Costa in neutral zone.
18:38 of 1st period - Corey Trivino is hit by Adam Erne and loses puck.
19:39 of 1st period - Icing by Tom Wilson.
19:40 of 1st period - Mark Jankowski wins face-off versus Anthony Nigro in Rocket zone.
19:49 of 1st period - Slapshot by Viktor Loov.
19:49 of 1st period - Shot Blocked by Chris Bigras.
19:51 of 1st period - Wrist shot by Viktor Loov.
19:51 of 1st period - Stopped by Mark Visentin with a rebound.
Goals for this period are 3 for Condors vs 0 for Rocket.
Shots for this period are 14 for Condors vs 7 for Rocket.
2nd period
0:01 of 2nd period - Jonathan Matsumoto wins face-off versus Stephane Da Costa in neutral zone.
0:10 of 2nd period - Snap shot by Jonathan Matsumoto.
0:10 of 2nd period - Shot Misses the Net.
0:12 of 2nd period - Wrist shot by Jonathan Matsumoto.
0:12 of 2nd period - Shot Misses the Net.
0:14 of 2nd period - Slapshot by Alex Petrovic.
0:14 of 2nd period - Stopped by Mark Visentin with a rebound.
0:16 of 2nd period - Snap shot by Tyler Pitlick.
0:16 of 2nd period - Stopped by Mark Visentin with a rebound.
0:26 of 2nd period - Tom Wilson is hit by Eric Gustafsson and loses puck.
1:14 of 2nd period - Backhand shot by Viktor Loov.
1:14 of 2nd period - Deflect By Stephane Da Costa.
1:14 of 2nd period - Stopped by Mark Visentin with a rebound.
1:56 of 2nd period - Frederik Gauthier is hit by Adrian Kempe and loses puck.
2:01 of 2nd period - Snap shot by Tom Wilson.
2:01 of 2nd period - Shot Misses the Net.
2:07 of 2nd period - Tom Wilson is hit by Daniel Zaar and loses puck.
2:18 of 2nd period - Snap shot by Mark Jankowski.
2:18 of 2nd period - Stopped by Jean-Francois Berube with a rebound.
2:40 of 2nd period - Wrist shot by Anton Slepyshev.
2:40 of 2nd period - Stopped by Jean-Francois Berube with a rebound.
2:44 of 2nd period - Snap shot by Anton Slepyshev.
2:44 of 2nd period - Deflect By Nail Yakupov.
2:44 of 2nd period - Shot Blocked by Alex Petrovic.
2:44 of 2nd period - Puck is out of play.
2:45 of 2nd period - Frederik Gauthier wins face-off versus Corey Trivino in Rocket zone.
2:54 of 2nd period - Zac Leslie is hit by Corey Trivino and loses puck.
3:29 of 2nd period - Slapshot by Carl Gunnarsson.
3:29 of 2nd period - Stopped by Jean-Francois Berube without a rebound.
3:30 of 2nd period - Stephane Da Costa wins face-off versus Ty Rattie in Rocket zone.
3:31 of 2nd period - Wrist shot by Nail Yakupov.
3:31 of 2nd period - Stopped by Jean-Francois Berube with a rebound.
3:56 of 2nd period - Icing by Nail Yakupov.
3:57 of 2nd period - Tyler Bozak wins face-off versus Jonathan Matsumoto in Condors zone.
3:57 of 2nd period - Tyler Bozak is hit by Mattias Tedenby.
4:03 of 2nd period - Mattias Tedenby is hit by Carl Gunnarsson and loses puck.
4:10 of 2nd period - Kasperi Kapanen is hit by Jonathan Matsumoto and loses puck.
4:23 of 2nd period - Carl Gunnarsson is hit by Anthony Nigro.
4:49 of 2nd period - Wrist shot by Kasperi Kapanen.
4:49 of 2nd period - Stopped by Jean-Francois Berube with a rebound.
4:51 of 2nd period - Snap shot by Kasperi Kapanen.
4:51 of 2nd period - Shot Misses the Net.
4:53 of 2nd period - Slapshot by Brett Lernout.
4:53 of 2nd period - Stopped by Jean-Francois Berube with a rebound.
4:57 of 2nd period - Snap shot by Kasperi Kapanen.
4:57 of 2nd period - Shot Misses the Net.
5:16 of 2nd period - Snap shot by Tyler Bozak.
5:16 of 2nd period - Shot Misses the Net.
5:18 of 2nd period - Snap shot by Tyler Bozak.
5:18 of 2nd period - Shot Blocked by Tom Wilson.
5:20 of 2nd period - Slapshot by Kasperi Kapanen.
5:20 of 2nd period - Shot Blocked by Viktor Loov.
5:22 of 2nd period - Backhand shot by Gustav Olofsson.
5:22 of 2nd period - Shot Hit the Post.
5:28 of 2nd period - Snap shot by Kasperi Kapanen.
5:28 of 2nd period - Stopped by Jean-Francois Berube with a rebound.
5:34 of 2nd period - Slapshot by Kasperi Kapanen.
5:34 of 2nd period - Stopped by Jean-Francois Berube with a rebound.
6:01 of 2nd period - Wrist shot by Kasperi Kapanen.
6:01 of 2nd period - Stopped by Jean-Francois Berube with a rebound.
6:03 of 2nd period - Snap shot by Alex Tuch.
6:03 of 2nd period - Shot Blocked by Adrian Kempe.
6:05 of 2nd period - Backhand shot by Brett Lernout.
6:05 of 2nd period - Shot Misses the Net.
6:07 of 2nd period - Wrist shot by Alex Tuch.
6:07 of 2nd period - Stopped by Jean-Francois Berube without a rebound.
6:08 of 2nd period - Stephane Da Costa wins face-off versus Jonathan Matsumoto in Rocket zone.
6:47 of 2nd period - Snap shot by Ty Rattie.
6:47 of 2nd period - Shot Misses the Net.
6:59 of 2nd period - Zac Leslie is hit by Peter Holland and loses puck.
7:18 of 2nd period - Andrey Pedan is hit by Chris Bigras and loses puck.
7:40 of 2nd period - Wrist shot by Anthony Nigro.
7:40 of 2nd period - Shot Misses the Net.
8:39 of 2nd period - Andrey Pedan is hit by C.J Suess and loses puck.
8:52 of 2nd period - Andrei Mironov is hit by Carl Gunnarsson and loses puck.
10:04 of 2nd period - Adam Erne is hit by Tom Wilson and loses puck.
10:17 of 2nd period - Brett Lernout is hit by Tyler Pitlick and loses puck.
10:29 of 2nd period - Icing by Tyler Bozak.
10:30 of 2nd period - Tyler Bozak wins face-off versus Peter Holland in Condors zone.
10:50 of 2nd period - Chris Bigras is hit by Adrian Kempe and loses puck.
11:05 of 2nd period - Mattias Tedenby is hit by Christian Thomas and loses puck.
11:32 of 2nd period - Anthony Nigro is hit by C.J Suess and loses puck.
12:04 of 2nd period - Slapshot by Mattias Tedenby.
12:04 of 2nd period - Stopped by Mark Visentin with a rebound.
12:16 of 2nd period - Wrist shot by Kasperi Kapanen.
12:16 of 2nd period - Stopped by Jean-Francois Berube with a rebound.
12:18 of 2nd period - Snap shot by Kasperi Kapanen.
12:18 of 2nd period - Shot Blocked by Andrey Pedan.
12:34 of 2nd period - Slapshot by Kasperi Kapanen.
12:34 of 2nd period - Shot Misses the Net.
12:36 of 2nd period - Slapshot by Alex Tuch.
12:36 of 2nd period - Stopped by Jean-Francois Berube with a rebound.
12:38 of 2nd period - Slapshot by Gustav Olofsson.
12:38 of 2nd period - Shot Misses the Net.
12:46 of 2nd period - Gustav Olofsson is hit by Jonathan Matsumoto and loses puck.
12:53 of 2nd period - Jonathan Matsumoto is hit by Kasperi Kapanen and loses puck.
13:21 of 2nd period - Wrist shot by Kasperi Kapanen.
13:21 of 2nd period - Stopped by Jean-Francois Berube without a rebound.
13:22 of 2nd period - Corey Trivino wins face-off versus Stephane Da Costa in Rocket zone.
13:27 of 2nd period - Wrist shot by Corey Trivino.
13:27 of 2nd period - Shot Blocked by Stephane Da Costa.
13:33 of 2nd period - Snap shot by Tom Wilson.
13:33 of 2nd period - Shot Misses the Net.
13:54 of 2nd period - Icing by Eric Gustafsson.
13:55 of 2nd period - Frederik Gauthier wins face-off versus Peter Holland in Condors zone.
15:48 of 2nd period - Wrist shot by Ty Rattie.
15:48 of 2nd period - Goal by Ty Rattie - Condors : 3 - Rocket : 1.
15:49 of 2nd period - Jonathan Matsumoto wins face-off versus Stephane Da Costa in neutral zone.
15:51 of 2nd period - Brian Dumoulin is hit by Nail Yakupov and loses puck.
16:14 of 2nd period - Zac Leslie is hit by Tom Wilson and loses puck.
16:19 of 2nd period - Wrist shot by Adrian Kempe.
16:19 of 2nd period - Shot Misses the Net.
16:35 of 2nd period - Slapshot by Adrian Kempe.
16:35 of 2nd period - Shot Blocked by Tyler Bozak.
16:45 of 2nd period - Snap shot by Tyler Bozak.
16:45 of 2nd period - Stopped by Jean-Francois Berube without a rebound.
16:46 of 2nd period - Stephane Da Costa wins face-off versus Jonathan Matsumoto in Rocket zone.
16:47 of 2nd period - Snap shot by Nail Yakupov.
16:47 of 2nd period - Shot Blocked by Tyler Pitlick.
16:49 of 2nd period - Wrist shot by Stephane Da Costa.
16:49 of 2nd period - Stopped by Jean-Francois Berube with a rebound.
16:51 of 2nd period - Wrist shot by Anton Slepyshev.
16:51 of 2nd period - Stopped by Jean-Francois Berube with a rebound.
16:53 of 2nd period - Wrist shot by Nail Yakupov.
16:53 of 2nd period - Goal by Nail Yakupov - Condors : 4 - Rocket : 1.
16:54 of 2nd period - Jonathan Matsumoto wins face-off versus Stephane Da Costa in neutral zone.
17:44 of 2nd period - Wrist shot by Tyler Pitlick.
17:44 of 2nd period - Stopped by Mark Visentin with a rebound.
17:49 of 2nd period - Minor Penalty to Daniel Zaar for Hooking.
17:50 of 2nd period - Stephane Da Costa wins face-off versus Jonathan Matsumoto in Condors zone.
18:15 of 2nd period - Tyler Bozak is hit by Tom Wilson and loses puck.
19:37 of 2nd period - Tyler Bozak is hit by Nick Ritchie and loses puck.
19:49 of 2nd period - Penalty to Daniel Zaar is over, Daniel Zaar is back on ice.
19:54 of 2nd period - Mark Jankowski is hit by Tyler Pitlick and loses puck.
Goals for this period are 1 for Condors vs 1 for Rocket.
Shots for this period are 17 for Condors vs 6 for Rocket.
3rd period
0:01 of 3rd period - Stephane Da Costa wins face-off versus Jonathan Matsumoto in neutral zone.
0:10 of 3rd period - Slapshot by Eric Gustafsson.
0:10 of 3rd period - Deflect By Stephane Da Costa.
0:10 of 3rd period - Stopped by Jean-Francois Berube without a rebound.
0:11 of 3rd period - Jonathan Matsumoto wins face-off versus Stephane Da Costa in Rocket zone.
0:38 of 3rd period - Tom Wilson is hit by Kasperi Kapanen and loses puck.
1:21 of 3rd period - Slapshot by Mattias Tedenby.
1:21 of 3rd period - Goal by Mattias Tedenby - Condors : 4 - Rocket : 2.
1:22 of 3rd period - Stephane Da Costa wins face-off versus Jonathan Matsumoto in neutral zone.
1:25 of 3rd period - Jonathan Matsumoto is hit by Anton Slepyshev and loses puck.
1:34 of 3rd period - Stephane Da Costa is hit by Brian Dumoulin and loses puck.
2:10 of 3rd period - Snap shot by Danton Heinen.
2:10 of 3rd period - Stopped by Mark Visentin with a rebound.
2:12 of 3rd period - Snap shot by Peter Holland.
2:12 of 3rd period - Shot Blocked by Kasperi Kapanen.
2:14 of 3rd period - Slapshot by Brian Dumoulin.
2:14 of 3rd period - Deflect By Danton Heinen.
2:14 of 3rd period - Stopped by Mark Visentin with a rebound.
2:16 of 3rd period - Slapshot by Brian Dumoulin.
2:16 of 3rd period - Shot Misses the Net.
2:18 of 3rd period - Wrist shot by Nick Ritchie.
2:18 of 3rd period - Shot Misses the Net.
2:20 of 3rd period - Snap shot by Nick Ritchie.
2:20 of 3rd period - Goal by Nick Ritchie - Condors : 4 - Rocket : 3.
2:21 of 3rd period - Mattias Tedenby wins face-off versus Nail Yakupov in neutral zone.
2:28 of 3rd period - Snap shot by Carl Gunnarsson.
2:28 of 3rd period - Shot Blocked by Dean Kukan.
2:30 of 3rd period - Slapshot by Carl Gunnarsson.
2:30 of 3rd period - Stopped by Jean-Francois Berube with a rebound.
2:48 of 3rd period - Adrian Kempe is hit by Carl Gunnarsson and loses puck.
3:09 of 3rd period - Snap shot by Danton Heinen.
3:09 of 3rd period - Shot Blocked by Eric Gustafsson.
3:28 of 3rd period - Off-side.
3:29 of 3rd period - Jakub Vrana wins face-off versus Mark Jankowski in neutral zone.
4:25 of 3rd period - Wrist shot by Tom Wilson.
4:25 of 3rd period - Deflect By Tyler Bozak.
4:25 of 3rd period - Stopped by Mark Visentin with a rebound.
4:27 of 3rd period - Slapshot by Corey Trivino.
4:27 of 3rd period - Shot Misses the Net.
4:33 of 3rd period - Minor Penalty to Zac Leslie for Hooking.
4:34 of 3rd period - Stephane Da Costa wins face-off versus Corey Trivino in Condors zone.
4:50 of 3rd period - Minor Penalty to Mattias Tedenby for Holding.
4:51 of 3rd period - Stephane Da Costa wins face-off versus Tyler Pitlick in Rocket zone.
5:01 of 3rd period - Snap shot by Tom Wilson.
5:01 of 3rd period - Shot Blocked by Carl Gunnarsson.
5:03 of 3rd period - Wrist shot by Tyler Pitlick.
5:03 of 3rd period - Shot Blocked by Eric Gustafsson.
5:05 of 3rd period - Slapshot by Brian Dumoulin.
5:05 of 3rd period - Deflect By Tom Wilson.
5:05 of 3rd period - Shot Blocked by Eric Gustafsson.
5:05 of 3rd period - Puck is out of play.
5:06 of 3rd period - Stephane Da Costa wins face-off versus Tyler Pitlick in Condors zone.
5:08 of 3rd period - Icing by Carl Gunnarsson.
5:09 of 3rd period - Tyler Pitlick wins face-off versus Stephane Da Costa in Condors zone.
5:55 of 3rd period - Wrist shot by Nail Yakupov.
5:55 of 3rd period - Stopped by Jean-Francois Berube without a rebound.
5:56 of 3rd period - Stephane Da Costa wins face-off versus Corey Trivino in Rocket zone.
6:19 of 3rd period - Nail Yakupov is hit by Viktor Loov and loses puck.
6:33 of 3rd period - Penalty to Zac Leslie is over, Zac Leslie is back on ice.
6:50 of 3rd period - Penalty to Mattias Tedenby is over, Mattias Tedenby is back on ice.
7:08 of 3rd period - Slapshot by Mattias Tedenby.
7:08 of 3rd period - Shot Misses the Net.
7:10 of 3rd period - Slapshot by Brian Dumoulin.
7:10 of 3rd period - Stopped by Mark Visentin without a rebound.
7:11 of 3rd period - Mark Jankowski wins face-off versus Anthony Nigro in Condors zone.
7:38 of 3rd period - Alex Tuch is hit by Tyler Pitlick and loses puck.
8:02 of 3rd period - Off-side.
8:03 of 3rd period - Nail Yakupov wins face-off versus Corey Trivino in neutral zone.
8:12 of 3rd period - Wrist shot by Tom Wilson.
8:12 of 3rd period - Deflect By Stephane Da Costa.
8:12 of 3rd period - Shot Misses the Net.
8:12 of 3rd period - Puck is out of play.
8:13 of 3rd period - Corey Trivino wins face-off versus Stephane Da Costa in Condors zone.
8:14 of 3rd period - Snap shot by Adrian Kempe.
8:14 of 3rd period - Stopped by Mark Visentin without a rebound.
8:15 of 3rd period - Stephane Da Costa wins face-off versus Jonathan Matsumoto in Condors zone.
8:20 of 3rd period - Slapshot by Eric Gustafsson.
8:20 of 3rd period - Stopped by Jean-Francois Berube without a rebound.
8:21 of 3rd period - Jonathan Matsumoto wins face-off versus Anton Slepyshev in Rocket zone.
8:36 of 3rd period - Snap shot by Mattias Tedenby.
8:36 of 3rd period - Deflect By Tyler Pitlick.
8:36 of 3rd period - Stopped by Mark Visentin without a rebound.
8:37 of 3rd period - Tyler Bozak wins face-off versus Adrian Kempe in Condors zone.
8:37 of 3rd period - Tyler Bozak is hit by Adrian Kempe.
8:43 of 3rd period - Snap shot by Eric Gustafsson.
8:43 of 3rd period - Shot Blocked by Brian Dumoulin.
8:53 of 3rd period - Alex Tuch is hit by Brian Dumoulin and loses puck.
9:11 of 3rd period - Snap shot by Jonathan Matsumoto.
9:11 of 3rd period - Shot Blocked by Anton Slepyshev.
9:42 of 3rd period - Snap shot by Anthony Nigro.
9:42 of 3rd period - Shot Misses the Net.
9:44 of 3rd period - Slapshot by Viktor Loov.
9:44 of 3rd period - Shot Blocked by Zac Leslie.
9:46 of 3rd period - Slapshot by Anthony Nigro.
9:46 of 3rd period - Stopped by Mark Visentin without a rebound.
9:47 of 3rd period - Mark Jankowski wins face-off versus Anthony Nigro in Condors zone.
10:03 of 3rd period - Snap shot by Anthony Nigro.
10:03 of 3rd period - Stopped by Mark Visentin with a rebound.
10:05 of 3rd period - Slapshot by Brian Dumoulin.
10:05 of 3rd period - Stopped by Mark Visentin without a rebound.
10:06 of 3rd period - Stephane Da Costa wins face-off versus Jonathan Matsumoto in Condors zone.
10:42 of 3rd period - Wrist shot by Adrian Kempe.
10:42 of 3rd period - Stopped by Mark Visentin with a rebound.
10:58 of 3rd period - Snap shot by Ty Rattie.
10:58 of 3rd period - Stopped by Mark Visentin with a rebound.
11:06 of 3rd period - Slapshot by Alex Tuch.
11:06 of 3rd period - Shot Misses the Net.
11:08 of 3rd period - Snap shot by Alex Tuch.
11:08 of 3rd period - Stopped by Jean-Francois Berube with a rebound.
11:10 of 3rd period - Snap shot by Alex Tuch.
11:10 of 3rd period - Deflect By Tyler Bozak.
11:10 of 3rd period - Stopped by Jean-Francois Berube without a rebound.
11:11 of 3rd period - Stephane Da Costa wins face-off versus Jonathan Matsumoto in Rocket zone.
11:25 of 3rd period - Snap shot by Nail Yakupov.
11:25 of 3rd period - Shot Misses the Net.
11:37 of 3rd period - Carl Gunnarsson is hit by Adrian Kempe and loses puck.
12:02 of 3rd period - Wrist shot by Nick Ritchie.
12:02 of 3rd period - Stopped by Mark Visentin with a rebound.
12:04 of 3rd period - Snap shot by Dean Kukan.
12:04 of 3rd period - Stopped by Mark Visentin with a rebound.
12:06 of 3rd period - Wrist shot by Danton Heinen.
12:06 of 3rd period - Stopped by Mark Visentin without a rebound.
12:07 of 3rd period - Stephane Da Costa wins face-off versus Jonathan Matsumoto in Condors zone.
12:07 of 3rd period - Stephane Da Costa is hit by Dean Kukan.
12:10 of 3rd period - Minor Penalty to Zac Leslie for Tripping.
12:11 of 3rd period - Stephane Da Costa wins face-off versus Mattias Tedenby in Condors zone.
12:23 of 3rd period - Wrist shot by Tyler Pitlick.
12:23 of 3rd period - Shot Blocked by Stephane Da Costa.
12:52 of 3rd period - Wrist shot by Tyler Pitlick.
12:52 of 3rd period - Shot Misses the Net.
12:54 of 3rd period - Snap shot by Tyler Pitlick.
12:54 of 3rd period - Stopped by Mark Visentin with a rebound.
13:20 of 3rd period - Wrist shot by Frederik Gauthier.
13:20 of 3rd period - Shot Misses the Net.
13:43 of 3rd period - Snap shot by Tyler Pitlick.
13:43 of 3rd period - Shot Blocked by Gustav Olofsson.
14:10 of 3rd period - Penalty to Zac Leslie is over, Zac Leslie is back on ice.
14:10 of 3rd period - Christian Thomas is hit by Dean Kukan and loses puck.
14:21 of 3rd period - Snap shot by Mark Jankowski.
14:21 of 3rd period - Shot Misses the Net.
14:23 of 3rd period - Snap shot by Mark Jankowski.
14:23 of 3rd period - Condors goal is going for a video replay.
14:23 of 3rd period - The goal is refused. The puck has been directed, batted or thrown into the net by an attacking player other than with a stick..
14:24 of 3rd period - Stephane Da Costa wins face-off versus Anthony Nigro in Rocket zone.
14:25 of 3rd period - Snap shot by Anton Slepyshev.
14:25 of 3rd period - Shot Misses the Net.
14:34 of 3rd period - Snap shot by Nail Yakupov.
14:34 of 3rd period - Shot Misses the Net.
14:46 of 3rd period - Wrist shot by Adam Erne.
14:46 of 3rd period - Stopped by Jean-Francois Berube with a rebound.
14:54 of 3rd period - Nick Ritchie is hit by Brett Lernout and loses puck.
15:07 of 3rd period - Wrist shot by Adrian Kempe.
15:07 of 3rd period - Deflect By Peter Holland.
15:07 of 3rd period - Stopped by Mark Visentin with a rebound.
15:09 of 3rd period - Slapshot by Tom Wilson.
15:09 of 3rd period - Shot Misses the Net.
15:43 of 3rd period - Wrist shot by Daniel Zaar.
15:43 of 3rd period - Shot Hit the Post.
16:25 of 3rd period - Snap shot by Adam Erne.
16:25 of 3rd period - Goal by Adam Erne - Condors : 5 - Rocket : 3.
16:26 of 3rd period - Stephane Da Costa wins face-off versus Anthony Nigro in neutral zone.
16:29 of 3rd period - Slapshot by Carl Gunnarsson.
16:29 of 3rd period - Stopped by Jean-Francois Berube with a rebound.
16:51 of 3rd period - Daniel Zaar is hit by Mattias Tedenby.
16:55 of 3rd period - Daniel Zaar is hit by Jonathan Matsumoto and loses puck.
17:52 of 3rd period - Zac Leslie is hit by Andrei Mironov and loses puck.
18:12 of 3rd period - Icing by Andrey Pedan.
18:13 of 3rd period - Corey Trivino wins face-off versus Frederik Gauthier in Rocket zone.
18:20 of 3rd period - Wrist shot by Daniel Zaar.
18:20 of 3rd period - Stopped by Jean-Francois Berube without a rebound.
18:21 of 3rd period - Frederik Gauthier wins face-off versus Jonathan Matsumoto in Rocket zone.
18:28 of 3rd period - Slapshot by Daniel Zaar.
18:28 of 3rd period - Shot Misses the Net.
18:30 of 3rd period - Slapshot by Chris Bigras.
18:30 of 3rd period - Shot Misses the Net.
18:32 of 3rd period - Snap shot by Chris Bigras.
18:32 of 3rd period - Stopped by Jean-Francois Berube with a rebound.
Goals for this period are 1 for Condors vs 2 for Rocket.
Shots for this period are 12 for Condors vs 18 for Rocket.